cohdb
Replays
Latest Replays
All Replays
Popular Replays
Top Player Replays
Match Explorer
How It Works
Community
CoH3 Stats
Reddit
Sign in to upload your games and track your stats! →
Sign in with Steam
Match 22679985
Unlisted
Match 22679985
Overview
Messages
Build Orders
End
Construct Barracks
Selects Advanced Infantry Battlegroup
Riflemen Squad
Riflemen Squad
Engineer Squad
Grenade Package
Riflemen Squad
Infantry Support Center
Munitions Surplus
Survival Training
Selects Convert to Ranger Squad
Selects Ammunition Storage
M1 Mortar Team
M1918 Browning Automatic Rifles
M1 Mortar Team
Construct Tank Depot
Convert to Ranger Squad
Selects M2A1 105mm Howitzer Emplacement
Selects Free Fire Drills
M18 Hellcat Tank Destroyer
pizza2power
Eber
Mither
LuiSBa
Dickson
kakaot
FrustrateHead รักลุงพลน้องไนซ์
age of empries is best
0
0
Comments
sign in to comment!
No comments posted yet!